 Dungeon Crawl Stone Soup version 0.30-a0-782-ge64f9170bb (webtiles) character file.

Game seed: 5851875172481669848

51 Leeroy the Slasher (level 3, -1/27 HPs)
             Began as a Merfolk Gladiator on Feb 26, 2023.
             Slain by a ball python (2 damage)
             ... on level 2 of the Dungeon.
             The game lasted 00:03:08 (800 turns).

Leeroy the Slasher (Merfolk Gladiator)               Turns: 800, Time: 00:03:09

Health: -1/27      AC:  4    Str: 14    XL:     3   Next: 81%
Magic:  3/3        EV: 13    Int:  7    God:
Gold:   78         SH:  0    Dex: 17    Spells: 2/2 levels left

rFire   . . .      SeeInvis .    a - +0 long sword
rCold   . . .      Faith    .    (no shield)
rNeg    . . .      Spirit   .    b - +0 leather armour
rPois   .          Reflect  .    c - +0 helmet
rElec   .          Harm     .    (no cloak)
rCorr   .          Rampage  .    (no gloves)
Will    .....                    (no boots)
Stlth   +                        (no amulet)
HPRegen 0.24/turn                (no ring)
MPRegen 0.08/turn                (no ring)

@: no status effects
A: (nimble swimmer 2), mertail
a: no special abilities


You were on level 2 of the Dungeon.
You visited 1 branch of the dungeon, and saw 2 of its levels.

You collected 78 gold pieces.

Inventory:

Hand Weapons
 a - a +0 long sword (weapon)
Missiles
 d - 3 throwing nets (quivered)
 e - a javelin
 n - 4 poisoned darts
Armour
 b - a +0 leather armour (worn)
 c - a +0 helmet (worn)
Scrolls
 g - a scroll of blinking {unknown}
 h - a scroll of teleportation {unknown}
 i - 3 scrolls of identify {unknown}
 k - a scroll of enchant armour {unknown}
 l - a scroll of fear {unknown}
 m - a scroll of vulnerability {unknown}
Potions
 f - 2 potions of mutation {unknown}
 j - a potion of curing {unknown}


   Skills:
 - Level 2.1 Fighting
 + Level 5.6 Long Blades
 - Level 2.0 Throwing
 - Level 4.0 Dodging


You had 2 spell levels left.
You didn't know any spells.
Your spell library was empty.

Dungeon Overview and Level Annotations

Branches:
Dungeon (2/15)

Altars:

Annotations:
D:2 1 runed translucent door, Crazy Yiuf


Innate Abilities, Weirdness & Mutations

((You are very nimble when in or above water. (Stealth+, EV+, Speed+++)))
Your lower body shifts to a powerful aquatic tail in water.


Message History

You kill Jessica!
The endoplasm hits you but does no damage.
The hobgoblin closely misses you.
Your Long Blades skill increases to level 5!
Unknown command.
Things that are here:
a +0 club; a +0 robe The endoplasm attacks as you move away!
The endoplasm barely misses you.
A ball python and a hobgoblin come into view.
Found a scroll labelled JADUINEHIAPN.
You slash the endoplasm!
You kill the endoplasm!
The hobgoblin shouts!
You barely miss the hobgoblin.
The hobgoblin is moderately wounded.
The ball python hisses angrily.
The hobgoblin hits you.
* * * LOW HITPOINT WARNING * * *
You hit the hobgoblin.
The hobgoblin is almost dead.
The hobgoblin hits you but does no damage.
You barely miss the hobgoblin.
The hobgoblin is almost dead.
The hobgoblin closely misses you.
The hobgoblin hits you but does no damage.
You barely miss the hobgoblin.
The hobgoblin is almost dead.
The hobgoblin hits you but does no damage.
The hobgoblin closely misses you.
You closely miss the hobgoblin.
The hobgoblin is almost dead.
The hobgoblin completely misses you.
The hobgoblin hits you but does no damage.
The ball python bites you but does no damage.
The ball python barely misses you. The hobgoblin attacks as you move away!
The hobgoblin hits you.
* * * LOW HITPOINT WARNING * * *
The hobgoblin attacks as you move away! The hobgoblin closely misses you.
The ball python bites you.
You die...

# ######..###.##.# #
###..###.##.# #
####........#..# #
#.......####...# #
#.##.##.# ##.## # #
#.##.##.# #.# #
#.##.##.##$##.# #.#
#?....gSg.)...#####.#
###.##@##........<.#
#.##).#########
#.##..# .#....#
#.#...# # .....
##...## ##.## #.#


You could see 2 hobgoblins and a ball python.

Vanquished Creatures
  Jessica (D:2)
  2 ball pythons (D:2)
  3 bats
  4 endoplasms
  2 goblins (D:2)
  A hobgoblin (D:2)
  3 jackals (D:1)
  4 kobolds
  A rat (D:1)
21 creatures vanquished.

Notes
Turn   | Place    | Note
-------+----------+-------------------------------------------
     0 | D:1      | Leeroy the Merfolk Gladiator began the quest for the Orb.
     0 | D:1      | Reached XP level 1. HP: 16/16 MP: 1/1
    39 | D:1      | Reached skill level 4 in Long Blades
   224 | D:1      | Reached XP level 2. HP: 18/22 MP: 2/2
   714 | D:2      | Found a runed translucent door.
   715 | D:2      | Noticed Crazy Yiuf
   761 | D:2      | Reached XP level 3. HP: 26/27 MP: 3/3
   774 | D:2      | Noticed Jessica
   789 | D:2      | Killed Jessica
   790 | D:2      | Reached skill level 5 in Long Blades
   800 | D:2      | HP: 1/27 [hobgoblin (4)]
   800 | D:2      | Slain by a ball python

Illustrated notes

Levels and vault maps discovered:
D:1:      matt_arrival_grand_opening, layout_basic
D:2:      layout_loops_ring, uniq_jessica, uniq_crazy_yiuf_cottage

Skill      XL: |  1  2  3 |
---------------+----------+-----
Long Blades    | 4 5 |  5.6
Fighting       | |  2.1
Throwing       | |  2.0
Dodging        | |  4.0

Action                     || total
---------------------------++-------
  Melee: Long sword        ||    61
         Punch             ||     2
   Stab: Sleeping          ||     2
 Armour: Leather armour    ||    27
  Dodge: Dodged            ||    56

Table legend: (Time is in decaauts)
 A = Elapsed time spent in this place.
 B = Non-inter-level travel time spent in this place.
 C = Inter-level travel time spent in this place.
 D = Time resting spent in this place.
 E = Time spent auto-exploring this place.
 F = Levels seen in this place.
 G = Mean time per level.
                   A        B        C        D        E       F      G
               +--------+--------+--------+--------+--------+-----+--------+
         Total |    809 |    803 |      6 |      0 |    634 |   2 |  404.5 |
       Dungeon |    809 |    803 |      6 |      0 |    634 |   2 |  404.5 |
               +--------+--------+--------+--------+--------+-----+--------+

Top non-repeatable levels by time:
     D:1: 602 daAuts
     D:2: 207 daAuts
